 Dungeon Crawl Stone Soup version 0.20.1-1-g8b1a95d (webtiles) character file.

87 kaze the Ducker (level 4, -9/33 HPs)
             Began as a Vampire Gladiator on Sept 17, 2017.
             Mangled by Sigmund
             ... wielding a +0 scythe
              (12 damage)
             ... on level 2 of the Dungeon.
             The game lasted 00:02:04 (857 turns).

kaze the Ducker (Vampire Gladiator)                  Turns: 857, Time: 00:02:05

Health: -9/33      AC:  5    Str: 14    XL:     4   Next: 28%
Magic:  4/4        EV: 14    Int:  8    God:
Gold:   35         SH:  0    Dex: 15    Spells: 3/3 levels left

rFire    . . .     SeeInvis +   a - +0 war axe
rCold    . . .     Gourm    .   (no shield)
rNeg     + . .     Faith    .   b - +0 leather armour
rPois    .         Spirit   .   c - +0 helmet
rElec    .         Reflect  .   m - +0 cloak
rCorr    .         Harm     .   (no gloves)
MR       .....                  (no boots)
Stlth    +.........             (no amulet)
Regen    0.2/turn               g - -2 ring of intelligence (curse)
MPRegen  0.1/turn               (no ring)

@: no status effects
A: fangs 3, see invisible, unbreathing
a: Bat Form


You were on level 2 of the Dungeon.
You were not thirsty.

You visited 1 branch of the dungeon, and saw 2 of its levels.

You collected 35 gold pieces.

Inventory:

Hand Weapons
 a - a +0 war axe (weapon)
Missiles
 d - 3 throwing nets (quivered)
Armour
 b - a +0 leather armour (worn)
 c - a +0 helmet (worn)
 m - a +0 cloak (worn)
Jewellery
 g - a cursed -2 ring of intelligence (left hand)
 h - a cursed +3 ring of intelligence
Scrolls
 f - a scroll of enchant armour {unknown}
 i - a scroll of teleportation {unknown}
 j - 2 scrolls of identify {unknown}
Potions
 e - 4 potions of blood
 k - a potion of degeneration {unknown}
 l - a potion of cancellation {unknown}
 n - a potion of magic {unknown}


   Skills:
 + Level 2.2 Fighting
 + Level 3.6 Axes
 + Level 1.7 Throwing
 + Level 0.8 Armour
 + Level 4.0 Dodging


You had 3 spell levels left.
You didn't know any spells.

Dungeon Overview and Level Annotations

Branches:
Dungeon (2/15)

Altars:

Annotations:
D:2 Sigmund


Innate Abilities, Weirdness & Mutations

You have razor-sharp teeth.
You have supernaturally acute eyesight. (SInv)
You can survive without breathing.


Message History

Sigmund barely misses you.
The leopard gecko bites you but does no damage.
You barely miss the leopard gecko.
The leopard gecko is almost dead.
The leopard gecko barely misses you.
Sigmund hits you from afar with a scythe!
* * * LOW HITPOINT WARNING * * *
The leopard gecko completely misses you.
You hit the leopard gecko.
You kill the leopard gecko!
Sigmund hits you from afar with a scythe.
* * * LOW HITPOINT WARNING * * *
Sigmund gestures at you while chanting. The magic dart hits you!
* * * LOW HITPOINT WARNING * * *
You see here a leopard gecko corpse.
Sigmund hits you with a scythe.
* * * LOW HITPOINT WARNING * * *
You closely miss Sigmund. Sigmund hits you with a scythe!
You die...

###...####.... #.
#...#...†..### #.
#.####..#### #. #.#
##..# #.#####^###...#
#####...........#...#
#.........##.######..#
#.(.....†!#..# #.#
#......@)...## .#
#...(..@).### .
#.........# #
#.........#
#.........#
#..........
#...........
##########...


You could see Sigmund (invisible).

Vanquished Creatures
  Jessica (D:2)
  An ooze (D:1)
  A worm (D:2)
  2 dart slugs (D:1)
  2 leopard geckos
  A ball python (D:1)
  2 giant cockroaches (D:1)
  3 goblins
  6 hobgoblins
  7 jackals
  8 bats (D:1)
  4 frilled lizards
  3 kobolds
  5 rats (D:1)
46 creatures vanquished.

Notes
Turn   | Place    | Note
-------+----------+-------------------------------------------
     0 | D:1      | kaze the Vampire Gladiator began the quest for the Orb.
     0 | D:1      | Reached XP level 1. HP: 16/16 MP: 1/1
    36 | D:1      | Reached XP level 2. HP: 22/22 MP: 2/2
   348 | D:1      | Reached XP level 3. HP: 26/27 MP: 3/3
   829 | D:2      | Reached skill level 4 in Dodging
   841 | D:2      | Noticed Sigmund
   841 | D:2      | Noticed Jessica
   847 | D:2      | Killed Jessica
   847 | D:2      | Reached XP level 4. HP: 20/33 MP: 4/4
   857 | D:2      | Mangled by Sigmund

Skill      XL: |  1  2  3 |
---------------+----------+-----
Axes           | 3 |  3.6
Fighting       | 2 |  2.2
Dodging        | 4 |  4.0
Throwing       | |  1.7
Armour         | |  0.8

Action                   |  1- 3 |  4- 6 || total
-------------------------+-------+-------++-------
Melee: War axe           |   100 |     8 ||   108
       Bite              |     6 |     1 ||     7
Armor: Leather armour    |    39 |     3 ||    42
Dodge: Dodged            |   103 |    11 ||   114
